 Dungeon Crawl Stone Soup version 0.30.1 (webtiles) character file.

Game seed: 38660402886770997

174 javelincjr the Caller (level 5, -1/37 HPs)
             Began as a Demonspawn Summoner on July 5, 2023.
             Was an Initiate of Ru.
             Slain by a gnoll
             ... wielding a +0 spear
              (6 damage)
             ... on level 3 of the Dungeon.
             The game lasted 00:17:04 (2569 turns).

javelincjr the Caller (Demonspawn Summoner)         Turns: 2569, Time: 00:17:05

Health: -1/37      AC:  4    Str:  8    XL:     5   Next: 28%
Magic:  5/9        EV: 12    Int: 19    God:    Ru [......]
Gold:   166        SH:  0    Dex: 13    Spells: 4/10 levels left

rFire   . . .        c - +0 dagger (elec)
rCold   . . .        (no shield)
rNeg    . . .        a - +0 robe
rPois   .            k - +0 helmet
rElec   .            (no cloak)
rCorr   .            (no gloves)
SInv    .            (no boots)
Will    .....        (no amulet)
Stlth   ++           (no ring)
HPRegen 0.26/turn    (no ring)
MPRegen 0.11/turn

%: no passive effects
@: no status effects
A: foul stench 1, sharp scales 1, demonic touch 1
a: Renounce Religion, Sacrifice Courage, Sacrifice Artifice, Sacrifice Drink,
Reject Sacrifices


You were on level 3 of the Dungeon.
You worshipped Ru.
Ru was noncommittal.
You visited 1 branch of the dungeon, and saw 3 of its levels.

You collected 166 gold pieces.

Inventory:

Hand Weapons
 c - a +0 dagger of electrocution (weapon)
 r - a +0 halberd
Missiles
 n - a throwing net
Armour
 a - a +0 robe (worn)
 k - a +0 helmet (worn)
Scrolls
 e - 2 scrolls of noise {unknown}
 f - 5 scrolls of identify {unknown}
 g - a scroll of poison {unknown}
 i - a scroll of enchant weapon {unknown}
 j - a scroll of amnesia {unknown}
 p - a scroll of torment {unknown}
 q - a scroll of immolation {unknown}
Potions
 b - a potion of magic
 d - a potion of curing {unknown}
 h - a potion of lignification {unknown}
 l - a potion of degeneration {unknown}
 m - a potion of flight {unknown}
 o - 2 potions of mutation {unknown}


   Skills:
 + Level 1.0 Fighting
 + Level 2.8 Dodging
 + Level 3.0 Stealth
 + Level 3.0 Spellcasting
 + Level 4.7 Summonings


You had 4 spell levels left.
You knew the following spells:

 Your Spells              Type           Power      Damage    Failure   Level
a - Summon Small Mammal   Summ           80%        N/A       2%          1
b - Call Imp              Summ           40%        N/A       3%          2
c - Call Canine Familiar  Summ           20%        N/A       6%          3

Your spell library contained the following spells:

 Spells                   Type           Power      Damage    Failure   Level
 Beastly Appendage        Tmut           4%         N/A       16%         1
 Summon Guardian Golem    Hex/Summ       11%        N/A       17%         3
 Wereblood                Tmut           2%         N/A       22%         2
 Spider Form              Tmut/Pois      2%         N/A       41%         3
 Summon Lightning Spire   Summ/Air       11%        N/A       50%         4


Dungeon Overview and Level Annotations

Branches:
Dungeon (3/15)

Altars:
Ru


Innate Abilities, Weirdness & Mutations

You may rarely emit foul miasma when damaged in melee.
You are partially covered in razor-sharp scales. (AC +1, Slay +1)
Your touch may inflict minor irresistible damage on your foes.


Message History

The gnoll hits you from afar with a +0 spear.
Your cerulean imp hits the gnoll from afar with a -2 spear.
You barely miss the gnoll.
You touch the gnoll.
You kill the gnoll!
The gnoll hits you from afar with a +0 spear.
Your Fighting skill increases to level 1!
Your Stealth skill increases to level 3!
Found the Tractate on Aerial Firn.
The gnoll barely misses you. x2
Your cerulean imp hits the gnoll but does no damage.
Things that are here:
a +0 whip; 7 gold pieces; a gnoll corpse You barely miss the gnoll.
Your touch misses the gnoll. The gnoll hits you with a +0 spear.
The gnoll hits you but does no damage.
Your cerulean imp closely misses the gnoll.
You hit the gnoll. Your touch misses the gnoll.
The gnoll is lightly wounded.
The gnoll barely misses you. The gnoll hits you with a +0 flail!
Your cerulean imp closely misses the gnoll.
You are too injured to fight recklessly!
You are too injured to fight recklessly!
The gnoll barely misses you.
Your cerulean imp hits the gnoll but does no damage.
The gnoll hits you from afar with a +0 spear.
* * * LOW HITPOINT WARNING * * *
Your cerulean imp misses the gnoll.
You are too injured to fight recklessly!
You closely miss the gnoll.
You touch the gnoll!
The gnoll is severely wounded.
The gnoll closely misses you. The gnoll barely misses you.
Your cerulean imp hits the gnoll but does no damage.
You hit the gnoll but do no damage.
The gnoll is severely wounded.
The gnoll hits you from afar with a +0 spear.
* * * LOW HITPOINT WARNING * * *
The gnoll closely misses you.
Your cerulean imp hits the gnoll from afar with a -2 spear.
You hit the gnoll. Your touch misses the gnoll.
The gnoll is severely wounded.
The gnoll hits you from afar with a +0 spear.
You die...

#.# #.# #.# #
###########....
.....bg<....#
.########.#.# ....#.#
#..#@# # #..#g##..###
#.h5)g......
#..#.......:
.#######..####..###
..........# ..#
########.#####..#
#.........
##############.........


You could see 2 gnolls and a friendly cerulean imp (summoned).

Vanquished Creatures
  Robin (D:2)
  2 gnolls (D:3)
  2 adders
  A worm (D:2)
  2 ball pythons
  3 endoplasms
  2 giant cockroaches
  4 goblins (D:2)
  9 hobgoblins
  14 jackals
  3 quokkas
  6 bats
  3 frilled lizards
  8 kobolds
  9 rats
69 creatures vanquished.

Vanquished Creatures (collateral kills)
  2 gnolls (D:3)
  2 bats
  2 endoplasms (D:2)
  A giant cockroach (D:2)
  10 goblins
  3 hobgoblins
  A ball python (D:1)
  2 frilled lizards (D:1)
  A kobold (D:3)
  A rat (D:1)
25 creatures vanquished.

Vanquished Creatures (others)
  A goblin (D:2)
1 creature vanquished.

Grand Total: 95 creatures vanquished

Notes
Turn   | Place    | Note
-------+----------+-------------------------------------------
     0 | D:1      | javelincjr the Demonspawn Summoner began the quest for the
                  | Orb.
     0 | D:1      | Reached XP level 1. HP: 13/13 MP: 3/3
   250 | D:1      | Gained mutation: You may rarely emit foul miasma when
                  | damaged in melee. [demonic ancestry]
   250 | D:1      | Reached XP level 2. HP: 19/19 MP: 0/5
   253 | D:1      | Learned a level 2 spell: Call Imp
   531 | D:1      | Found a faded altar of an unknown god.
   615 | D:1      | Prayed at the altar of an unknown god.
   615 | D:1      | Became a worshipper of Ru the Awakened
   829 | D:1      | Gained mutation: Your touch may inflict minor irresistible
                  | damage on your foes. [demonic ancestry]
   829 | D:1      | Reached XP level 3. HP: 23/24 MP: 3/6
  1451 | D:2      | Gained mutation: You are partially covered in razor-sharp
                  | scales. (AC +1, Slay +1) [demonic ancestry]
  1451 | D:2      | Reached XP level 4. HP: 29/30 MP: 5/8
  1735 | D:2      | Noticed Robin
  1765 | D:2      | Killed Robin
  2027 | D:3      | Learned a level 3 spell: Call Canine Familiar
  2316 | D:3      | Reached XP level 5. HP: 33/36 MP: 0/9
  2562 | D:3      | Reached skill level 1 in Fighting
  2569 | D:3      | Slain by a gnoll

Illustrated notes

Levels and vault maps discovered:
D:1:      shiori_arrival_maze, layout_basic,
          hellmonk_ecumenical_altar_arch_garden, minmay_misc_feat_more_columns
D:2:      kennysheep_six_static_rooms, layout_basic, minmay_split_cup_small,
          uniq_robin
D:3:      layout_loops_ring, mainiacjoe_overflow_six_doors_small,
          minmay_misc_feat_five, minmay_misc_feat_room

Skill      XL: |  1  2  3  4  5 |
---------------+----------------+-----
Dodging        | 2 |  2.8
Stealth        | 2 3 |  3.0
Spellcasting   | 3 |  3.0
Fighting       | 1 |  1.0
Summonings     | |  4.7

Action                     |  1- 3 |  4- 6 || total
---------------------------+-------+-------++-------
  Melee: Dagger            |   116 |    79 ||   195
         Touch             |    14 |    13 ||    27
         Punch             |     1 |       ||     1
   Cast: Summon Small Mamm |    18 |     8 ||    26
         Call Imp          |    14 |     9 ||    23
         Call Canine Famil |       |     3 ||     3
   Stab: Sleeping          |     2 |       ||     2
         Distracted        |       |     1 ||     1
 Armour: Robe              |    24 |    18 ||    42
  Dodge: Dodged            |    85 |    55 ||   140
